 Dungeon Crawl Stone Soup version 0.29.1-13-g9f3cf754e1 (webtiles) character file.

Game seed: 117570612615287139

394 BabyfaceFinlayson the Trooper (level 6, -17/56 HPs)
             Began as a Minotaur Abyssal Knight on Jan 30, 2023.
             Was a Priest of Lugonu.
             Demolished by an ogre
             ... wielding a +0 giant club
              (33 damage)
             ... on level 5 of the Dungeon.
             The game lasted 00:06:14 (4063 turns).

BabyfaceFinlayson the Trooper (MiAK)                Turns: 4063, Time: 00:06:16

Health: -17/56     AC:  6    Str: 20    XL:     6   Next: 51%
Magic:  6/6        EV: 12    Int:  7    God:    Lugonu [***...]
Gold:   202        SH:  0    Dex: 10    Spells: 5/5 levels left

rFire   . . .      SeeInvis .   a - +1 spear
rCold   . . .      Faith    .   (no shield)
rNeg    . . .      Spirit   .   m - +1 leather armour {rPois}
rPois   +          Reflect  .   (helmet restricted)
rElec   .          Harm     .   (no cloak)
rCorr   .          Rampage  .   l - +1 pair of gloves
Will    .....                   (no boots)
Stlth   +.........              (no amulet)
HPRegen 0.18/turn               (no ring)
MPRegen 0.10/turn               (no ring)

@: mighty
A: horns 2, retaliatory headbutt
a: Renounce Religion, Depart the Abyss, Bend Space, Banish


You were on level 5 of the Dungeon.
You worshipped Lugonu.
Lugonu was most pleased with you.
You visited 1 branch of the dungeon, and saw 5 of its levels.
You visited the Abyss 1 time.

You collected 202 gold pieces.

Inventory:

Hand Weapons
 a - a +1 spear (weapon)
Armour
 c - a +0 chain mail
 l - a +1 pair of gloves (worn)
 m - a +1 leather armour of poison resistance (worn)
Jewellery
 d - the ring of the Philosopher {Ice Will+ Dex+4 SInv}
   (You took it off an orc on level 4 of the Dungeon)

   [ring of ice]

   It enhances your ice magic.
   Dex:       It affects your dexterity (+4).
   rF:        It makes you vulnerable to fire.
   rC:        It protects you from cold.
   SInv:      It lets you see invisible.
   Will:      It increases your willpower.
Wands
 e - a wand of flame (8)
Scrolls
 n - a scroll of blinking {unknown}
Potions
 b - a potion of heal wounds {unknown}
 f - a potion of mutation {unknown}
 g - a potion of degeneration {unknown}
 i - 2 potions of magic {unknown}
 j - a potion of lignification {unknown}
 k - a potion of haste {unknown}
 o - a potion of cancellation {unknown}


   Skills:
 + Level 5.6 Fighting
 + Level 5.1 Polearms
 + Level 4.0 Armour
 + Level 2.6 Dodging
 + Level 1.1 Stealth
 + Level 2.2 Invocations


You had 5 spell levels left.
You didn't know any spells.
Your spell library was empty.

Dungeon Overview and Level Annotations

Branches:
Dungeon (5/15)
 Temple: D:4-7

Altars:


Innate Abilities, Weirdness & Mutations

You have a pair of horns on your head.
You reflexively headbutt those who attack you in melee.


Message History

The phantom closely misses you.
You completely miss the orc. Your headbutt misses the orc.
An orc comes into view. It is wielding a +0 flail.
The orc closely misses you. You furiously retaliate!
You headbutt the orc!
You kill the orc!
Lugonu accepts your kill. The phantom hits you.
The phantom attacks as you move away! The phantom hits you.
The ogre closely misses you.
You see here a +0 dagger.
The orc shouts!
You hit the ogre.
The ogre is lightly wounded.
The phantom hits you.
You hit the phantom. You headbutt the phantom.
The phantom is moderately damaged.
The ogre hits you with a +0 giant club!!
Ouch! That really hurt!
The phantom barely misses you. You furiously retaliate!
You headbutt the phantom. You hit the ogre.
The ogre is moderately wounded.
You completely miss the ogre. Your headbutt misses the ogre.
The ogre is moderately wounded.
The ogre hits you with a +0 giant club.
The phantom hits you but does no damage.
You hit the phantom but do no damage.
The phantom is moderately damaged.
The phantom hits you but does no damage.
The ogre barely misses you.
You feel very mighty all of a sudden.
The phantom hits you but does no damage.
You puncture the ogre!
The ogre is severely wounded.
The phantom hits you.
* * * LOW HITPOINT WARNING * * *
The phantom blinks!
You blink.
The ogre hits you with a +0 giant club!!
Ouch! That really hurt!
You die...

#.............[......
#........#......###.#
.. #..$.....######.#
.. ....#........# ..
#!....##.###
###.#§##.# #
...#§##.#####
#...##O#.......
#.....o@.......
+.#.##W........ #.
#.#....... ..........
##.........
#......... .. #..###.
.. #..


You could see an ogre, a phantom and an orc.

Vanquished Creatures
  2 ogres (D:4)
  A necrophage (D:3)
  An orc priest (D:4)
  An iguana (D:4)
  5 adders
  An ufetubus (D:5)
  A worm (D:3)
  A dart slug (D:1)
  5 orcs
  2 endoplasms
  2 giant cockroaches
  4 goblins
  6 hobgoblins
  3 jackals (D:1)
  4 quokkas
  3 ball pythons
  2 bats
  4 frilled lizards
  3 kobolds
  5 rats
56 creatures vanquished.

Vanquished Creatures (others)
  31 plants (D:1)
31 creatures vanquished.

Grand Total: 87 creatures vanquished

Notes
Turn   | Place    | Note
-------+----------+-------------------------------------------
     0 | Abyss:1  | BabyfaceFinlayson the Minotaur Abyssal Knight began the
                  | quest for the Orb.
     0 | Abyss:1  | Reached XP level 1. HP: 19/19 MP: 1/1
     1 | D:1      | Escaped the Abyss
     3 | D:1      | Noticed a great orb of eyes
   200 | D:1      | Reached XP level 2. HP: 27/27 MP: 2/2
   489 | D:1      | Found a faded altar of an unknown god.
   489 | D:1      | Noticed a great orb of eyes
   492 | D:1      | Noticed a great orb of eyes
   492 | D:1      | Noticed a floating eye
  1044 | D:2      | Reached XP level 3. HP: 24/34 MP: 3/3
  1636 | D:3      | Noticed a necrophage
  1649 | D:3      | Killed a necrophage
  1650 | D:3      | Reached skill level 5 in Fighting
  1650 | D:3      | Reached XP level 4. HP: 20/42 MP: 4/4
  2030 | D:3      | Reached *** piety under Lugonu
  2241 | D:3      | Reached XP level 5. HP: 47/48 MP: 5/5
  2876 | D:4      | Identified the ring of the Philosopher {Ice Will+ Dex+4
                  | SInv}
  3190 | D:4      | Noticed an ogre
  3205 | D:4      | Killed an ogre
  3206 | D:4      | Reached skill level 1 in Stealth
  3206 | D:4      | Reached XP level 6. HP: 21/56 MP: 6/6
  3486 | D:4      | Reached skill level 5 in Polearms
  3984 | D:5      | Entered Level 5 of the Dungeon
  4063 | D:5      | Demolished by an ogre

Illustrated notes

Levels and vault maps discovered:
D:1:      roderic_crop_circles_arrival_small, layout_rooms,
          hellmonk_ecumenical_altar_watching_god, amcnicky_mini_pool_small,
          grunt_decor_fettered, minmay_tetromino_o2
D:2:      layout_basic, hex_tiny, minmay_misc_feat_room
D:3:      layout_basic, minmay_misc_feat_cross
D:4:      layout_basic
D:5:      layout_rooms, minmay_temple_entry_glassed_door

Skill      XL: |  1  2  3  4  5  6 |
---------------+-------------------+-----
Fighting       | 4 5 |  5.6
Invocations    | 2 |  2.2
Polearms       | 3 4 5 |  5.1
Armour         | 3 4 |  4.0
Dodging        | 2 |  2.6
Stealth        | 1 |  1.1

Action                   |  1- 3 |  4- 6 || total
-------------------------+-------+-------++-------
Melee: Spear             |    85 |    74 ||   159
       Headbutt          |    18 |     9 ||    27
       Punch             |       |     2 ||     2
Invok: Bend Space        |     1 |     1 ||     2
  Use: Scroll            |       |     4 ||     4
       Potion            |       |     1 ||     1
Armor: Leather armour    |    35 |    26 ||    61
Dodge: Dodged            |    52 |    38 ||    90
